 Dungeon Crawl Stone Soup version 0.25.1-1-g288607f5aa (webtiles) character file.

Game seed: 5367438154437894437

807 Mrkan the Chopper (level 7, -2/62 HPs)
             Began as a Minotaur Fighter on July 28, 2020.
             Slain by Grinder (3 damage)
             ... while paralysed by Grinder
             ... on level 5 of the Dungeon.
             The game lasted 00:05:41 (4840 turns).

Mrkan the Chopper (Minotaur Fighter)                Turns: 4840, Time: 00:05:42

Health: -2/62      AC: 10    Str: 20    XL:     7   Next: 60%
Magic:  6/6        EV:  2    Int:  7    God:
Gold:   119        SH:  0    Dex: 10    Spells: 6/6 levels left

rFire    + . .     SeeInvis .   a - +0 war axe
rCold    + . .     Gourm    .   c - +0 kite shield
rNeg     . . .     Faith    .   b - +0 scale mail
rPois    +         Spirit   .   (helmet restricted)
rElec    +         Reflect  .   o - +0 cloak
rCorr    +         Harm     .   (no gloves)
MR       .....                  k - +0 pair of boots
Stlth    ..........             h - amulet of inaccuracy (curse)
HPRegen  0.20/turn              (no ring)
MPRegen  0.10/turn              (no ring)

@: paralysed, resistant
A: retaliatory headbutt, horns 2
a: no special abilities


You were on level 5 of the Dungeon.
You were not hungry.

You visited 1 branch of the dungeon, and saw 5 of its levels.

You collected 119 gold pieces.

Inventory:

Hand Weapons
 a - a +0 war axe (weapon)
Missiles
 u - 20 poisoned darts (quivered)
Armour
 b - a +0 scale mail (worn)
 c - a +0 kite shield (worn)
 k - a +0 pair of boots (worn)
 o - a +0 cloak (worn)
 y - a +0 chain mail
Jewellery
 h - a cursed amulet of inaccuracy (around neck)
Wands
 g - a wand of random effects (38)
 n - a wand of clouds (10)
 t - a wand of acid (8)
Scrolls
 e - 3 scrolls of remove curse {unknown}
 i - 8 scrolls of identify {unknown}
 p - a scroll of enchant armour {unknown}
 s - a scroll of amnesia {unknown}
 v - a scroll of enchant weapon {unknown}
 w - 2 scrolls of teleportation {unknown}
 A - a scroll of acquirement {unknown}
Potions
 d - 2 potions of might
 j - a potion of invisibility {unknown}
 l - a potion of flight {unknown}
 m - a potion of resistance
 q - 2 potions of curing
 r - a potion of haste {unknown}
 x - a potion of stabbing {unknown}
Comestibles
 f - 6 rations


   Skills:
 + Level 5.8 Fighting
 * Level 6.9 Axes
 + Level 5.8 Armour
 + Level 5.8 Shields


You had 6 spell levels left.
You didn't know any spells.
Your spell library was empty.

Dungeon Overview and Level Annotations

Branches:
Dungeon (5/15)
 Temple: D:4-7

Altars:
Dithmenos
Elyvilon
Vehumet

Shops:
D:4 (

Annotations:
D:5 Grinder


Innate Abilities, Weirdness & Mutations

You reflexively headbutt those who attack you in melee.
You have a pair of horns on your head.


Message History

Grinder gestures at you. Pain shoots through your body!
* * * LOW HITPOINT WARNING * * *
You barely miss Grinder. Your headbutt misses Grinder.
Grinder is moderately wounded.
Grinder gestures at you.
You suddenly lose the ability to move!
Grinder hits you.
* * * LOW HITPOINT WARNING * * *
You writhe in agony.
* * * LOW HITPOINT WARNING * * *
Grinder gestures at you. Pain shoots through your body!
* * * LOW HITPOINT WARNING * * *
Grinder gestures at you. Pain shoots through your body!
* * * LOW HITPOINT WARNING * * *
Grinder hits you but does no damage. Grinder hits you.
You die...

#.# #.# #.#
###### #.#
.......######.#
#.#.#.#.......#
.........######
.#.#.#.#.#
.......5@##
#.#.#.#.#.#
..........##
.#.#.#.#.#.#
...........#
#.#.#.#.#.#.#
............#
.#.#.#.#.#.#.#
.....$5 .....#


You could see Grinder.

Vanquished Creatures
  Sigmund (D:2)
  A phantom (D:5)
  A scorpion (D:5)
  A howler monkey (D:5)
  A crimson imp (D:5)
  3 orc wizards
  A bullfrog skeleton (D:5)
  An orc priest (D:4)
  Crazy Yiuf (D:3)
  Jessica (D:3)
  Terence (D:2)
  A worker ant (D:4)
  A hound skeleton (D:4)
  Robin (D:2)
  3 adders
  3 gnolls (D:2)
  2 oozes
  4 worms
  3 dart slugs
  2 leopard geckos
  8 orcs
  12 giant cockroaches
  11 goblins
  9 hobgoblins
  3 jackals (D:5)
  8 kobolds
  2 quokkas (D:2)
  2 ball pythons
  7 bats
  3 frilled lizards
  7 rats
105 creatures vanquished.

Vanquished Creatures (others)
  A worker ant zombie (D:5)
  A leopard gecko (D:1)
2 creatures vanquished.

Grand Total: 107 creatures vanquished

Notes
Turn   | Place    | Note
-------+----------+-------------------------------------------
     0 | D:1      | Mrkan the Minotaur Fighter began the quest for the Orb.
     0 | D:1      | Reached XP level 1. HP: 19/19 MP: 0/0
   292 | D:1      | Reached XP level 2. HP: 23/27 MP: 1/1
   350 | D:1      | Reached skill level 3 in Axes
   789 | D:1      | Reached XP level 3. HP: 29/33 MP: 2/2
  1310 | D:2      | Noticed Terence
  1321 | D:2      | Killed Terence
  1375 | D:2      | Reached XP level 4. HP: 40/40 MP: 3/3
  1453 | D:2      | Reached skill level 4 in Axes
  1858 | D:2      | Found a white marble altar of Elyvilon.
  1889 | D:2      | Noticed Sigmund
  1898 | D:2      | Killed Sigmund
  1898 | D:2      | Reached skill level 5 in Axes
  1898 | D:2      | Reached XP level 5. HP: 42/47 MP: 4/4
  1898 | D:2      | Reached XP level 6. HP: 50/55 MP: 5/5
  2120 | D:2      | Noticed Robin
  2130 | D:2      | Killed Robin
  2359 | D:3      | Noticed Jessica
  2368 | D:3      | Killed Jessica
  2368 | D:3      | Reached skill level 5 in Fighting
  2368 | D:3      | Reached skill level 5 in Armour
  2368 | D:3      | Reached skill level 5 in Shields
  3132 | D:3      | Found a runed translucent door.
  3133 | D:3      | Noticed Crazy Yiuf
  3198 | D:3      | Killed Crazy Yiuf
  3670 | D:4      | Found a shadowy altar of Dithmenos.
  3714 | D:4      | Reached skill level 6 in Axes
  3743 | D:4      | Reached XP level 7. HP: 54/61 MP: 6/6
  4057 | D:4      | Found Bileud's Antique Weapon Emporium.
  4510 | D:5      | Entered Level 5 of the Dungeon
  4580 | D:5      | Found a radiant altar of Vehumet.
  4774 | D:5      | Noticed Grinder
  4774 | D:5      | Paralysed by Grinder for 6 turns
  4809 | D:5      | Paralysed by Grinder for 4 turns
  4814 | D:5      | Paralysed by Grinder for 3 turns
  4835 | D:5      | Paralysed by Grinder for 6 turns
  4838 | D:5      | HP: 1/62 [Grinder/nerve-wracking pain (6)]
  4840 | D:5      | Slain by Grinder

Illustrated notes

Levels and vault maps discovered:
D:1:      erik_arrival_orb_chamber, layout_basic, minmay_worlds_worst_comb
D:2:      layout_basic, lemuel_doored_altar, uniq_terence, uniq_robin,
          uniq_sigmund
D:3:      layout_basic, uniq_jessica, uniq_crazy_yiuf_cottage
D:4:      layout_layer_cave, nicolae_overflow_crystal_walls, serial_shops,
          nicolae_shop_waterfront
D:5:      layout_loops_ring, fiery_altar_vehumet, first_ration,
          mrwooster_statue_mirror, hex_large, uniq_grinder

Skill      XL: |  1  2  3  4  5  6 |
---------------+-------------------+-----
Axes           | 3 5 6 |  6.9
Fighting       | 4 5 |  5.8
Shields        | 4 5 |  5.8
Armour         | 4 5 |  5.8

Action                   |  1- 3 |  4- 6 |  7- 9 || total
-------------------------+-------+-------+-------++-------
Melee: War axe           |    71 |   170 |    87 ||   328
       Headbutt          |    12 |    35 |    15 ||    62
  Use: Potion            |       |       |     2 ||     2
  Eat: Chunk             |       |     9 |     4 ||    13
Armor: Scale mail        |    35 |    75 |    34 ||   144
Dodge: Dodged            |    16 |    37 |    19 ||    72
Block: Kite shield       |    34 |    80 |    39 ||   153
